 Dungeon Crawl Stone Soup version 0.29.0-4-gdea44cf6ec (webtiles) character file.

Game seed: 13223631286647835778

39 qw the Chopper (level 3, -2/21 HPs)
             Began as a Tengu Warper on Aug 28, 2022.
             Slain by Terence
             ... wielding a +0 trident
              (8 damage)
             ... on level 2 of the Dungeon.
             The game lasted 00:00:04 (819 turns).

qw the Chopper (Tengu Warper)                        Turns: 819, Time: 00:00:04

Health: -2/21      AC:  3    Str: 13    XL:     3   Next: 45%
Magic:  7/7        EV: 12    Int: 13    God:
Gold:   59         SH:  0    Dex: 13    Spells: 6/6 levels left

rFire   . . .      SeeInvis .   Y - +0 hand axe
rCold   . . .      Faith    .   (no shield)
rNeg    . . .      Spirit   .   b - +0 leather armour
rPois   .          Reflect  .   (helmet restricted)
rElec   .          Harm     .   (no cloak)
rCorr   .          Rampage  .   (no gloves)
Will    .....                   (boots unavailable)
Stlth   +.........              (no amulet)
HPRegen 0.07/turn               (no ring)
MPRegen 0.10/turn               (no ring)

@: no status effects
A: beak, talons 3
a: no special abilities


You were on level 2 of the Dungeon.
You visited 1 branch of the dungeon, and saw 2 of its levels.

You collected 59 gold pieces.


Innate Abilities, Weirdness & Mutations

You have a beak for a mouth.
You have claws for feet.


   Skills:
 - Level 2.0 Fighting
 + Level 4.1 Axes
 - Level 1.0 Throwing
 - Level 1.1 Armour
 - Level 2.1 Dodging
 - Level 2.0 Spellcasting
 - Level 2.4 Translocations


You had 6 spell levels left.
You didn't know any spells.
Your spell library contained the following spells:

 Spells                   Type           Power      Damage    Failure   Level
 Blink                    Tloc           14%        N/A       19%         2
 Gell's Gravitas          Tloc           7%         N/A       36%         3
 Lesser Beckoning         Tloc           7%         N/A       36%         3
 Teleport Other           Tloc           7%         N/A       36%         3
 Manifold Assault         Tloc           7%         N/A       98%         5

Inventory:

Hand Weapons
 e - a +0 mace
 Y - a +0 hand axe (weapon)
Missiles
 g - 4 javelins (quivered)
Armour
 b - a +0 leather armour (worn)
Scrolls
 a - a scroll of teleportation
 h - a scroll of identify
Potions
 c - a potion of resistance {unknown}
 d - a potion of curing
 i - a potion of invisibility {unknown}
 j - a potion of might {unknown}

Dungeon Overview and Level Annotations

Branches:
Dungeon (2/15)

Altars:

Annotations:
D:2 Terence


Message History

You kill the goblin!
g - 4 javelins (gained 2)
g - 5 javelins (gained 1)
Things that are here:
a +0 dagger of venom; a goblin corpse You now have 59 gold pieces (gained 15).
A bat comes into view.
Enter note: Throw: 5 javelins
Press: ? - help, Q - select action Shift-Dir - straight line, f - bat You throw a javelin.
The javelin misses the bat.
The bat hits you but does no damage.
You barely miss the bat. You claw the bat.
The bat is severely wounded.
The bat hits you. x2
You closely miss the bat. You peck the bat.
You kill the bat!
You start resting.
HP restored.
You see here a bat corpse.
Terence the Incautious comes into view.
He is wielding a +0 trident.
Enter note:
Found a scroll labelled AFITRI MUIN.
Terence shouts!
Terence says, "Time to say good-bye..."
Terence closely misses you. Terence hits you with a +0 trident.
You hit Terence but do no damage. You claw Terence, but do no damage.
You peck Terence, but do no damage. Terence hits you with a +0 trident.
You hit Terence. You claw Terence, but do no damage. You peck Terence.
Terence is lightly wounded.
Terence hits you with a +0 trident.
You hit Terence but do no damage. You claw Terence.
Terence is moderately wounded.
Terence barely misses you.
You barely miss Terence. Your kick misses Terence.
Terence is moderately wounded.
Terence hits you with a +0 trident!
You die...

#...........%..#
#.###..#########
#.# #..#
#######.###..#
.............#
##.####.###..#
#.# #..#
..?#.####.#
#...#
.......@..#
.###.#
......@......#
.#
####.........# #
##########... ##


You could see Terence.

Vanquished Creatures
  A gnoll (D:1)
  An adder (D:2)
  A ball python (D:1)
  2 bats
  An endoplasm (D:2)
  2 giant cockroaches (D:1)
  2 goblins
  A hobgoblin (D:1)
  2 kobolds (D:1)
  2 quokkas (D:1)
  2 rats
17 creatures vanquished.

Notes
Turn   | Place    | Note
-------+----------+-------------------------------------------
     0 | D:1      | qw the Tengu Warper began the quest for the Orb.
     0 | D:1      | Reached XP level 1. HP: 12/12 MP: 4/4
     0 | D:1      | 0 ||| qw: Version: 0.1-a-89-g26bdef1
     0 | D:1      | 0 ||| qw: Game counter: 1090
     0 | D:1      | 0 ||| qw: Always use a shield: true
     0 | D:1      | 0 ||| qw: God list: Okawaru
     0 | D:1      | 0 ||| qw: Allow faded altars: false
     0 | D:1      | 0 ||| qw: Do Orc after D:15 true
     0 | D:1      | 0 ||| qw: Do second Lair branch before Depths: true
     0 | D:1      | 0 ||| qw: Lair rune preference: random
     0 | D:1      | 0 ||| qw: Plans: Normal
     0 | D:1      | 0 ||| PLANNING D:1-11
    99 | D:1      | Reached skill level 3 in Axes
    99 | D:1      | Reached XP level 2. HP: 17/17 MP: 6/6
   107 | D:1      | Found a faded altar of an unknown god.
   466 | D:1      | Reached XP level 3. HP: 21/21 MP: 7/7
   514 | D:1      | 514 ||| READING 2 scrolls labelled FOIL DATONASSUNEO.
   517 | D:1      | 517 ||| READING 3 scrolls labelled KOAVOLUNAIPP.
   518 | D:1      | 518 ||| READING 2 scrolls of identify.
   518 | D:1      | 518 ||| IDENTIFYING fuming clear potion
   519 | D:1      | 519 ||| DROPPING scroll of blinking.
   582 | D:2      | Reached skill level 4 in Axes
   813 | D:2      | Noticed Terence
   819 | D:2      | Slain by Terence

Levels and vault maps discovered:
D:1:      psy_arrival_spokes, layout_rooms, shapermc_ecumenical_altar_pompeii,
          minmay_pentomino_v2
D:2:      layout_loops_ring, uniq_terence

Skill      XL: |  1  2  3 |
---------------+----------+-----
Axes           | 3 4 |  4.1
Fighting       | |  2.0
Throwing       | |  1.0
Armour         | |  1.1
Dodging        | |  2.1
Spellcasting   | |  2.0
Translocations | |  2.4

Action                   || total
-------------------------++-------
Melee: Hand axe          ||    20
       Peck              ||     5
       Kick              ||     7
Throw: Boomerang         ||     7
       Javelin           ||    12
  Use: Scroll            ||     3
Armor: Leather armour    ||     4
Dodge: Dodged            ||    12

Table legend:
 A = Non-vault XP
 B = Vault XP
 C = Vault XP percentage of total XP
 D = Non-vault monster count
 E = Vault monster count
 F = Vault count percentage of total count
                 A         B        C        D         E       F
            +---------+---------+-------+---------+---------+-------
      Total |      52 |       4 |   7.1 |      15 |       2 |  11.8
            +---------+---------+-------+---------+---------+-------
        D:1 |      32 |       4 |  11.1 |      10 |       2 |  16.7
        D:2 |      20 |       0 |   0.0 |       5 |       0 |   0.0
            +---------+---------+-------+---------+---------+-------
